PL
PANAMA CITY PIRANHAS @ NORTHERN VIRGINIA RAINBOW MERMAIDS
06/16/2029
 
TOP OF THE 1ST
Panama City Piranhas batting - Pitching for Northern Virginia Rainbow Mermaids : RHP Mimosa Joseph
Pitching: RHP Mimosa Joseph
Batting: RHB Cale Sutton 0-0: Ball
1-0: Called Strike
1-1: Ball
2-1: Foul Ball, location: 2F
2-2: Ball
3-2: Fly out, F8 (Flyball, 89M)
Batting: RHB Baldomero Avino 0-0: Called Strike
0-1: Ball
1-1: Swinging Strike
1-2: Foul Ball, location: 2F
1-2: Strikes out swinging
Batting: RHB Armando Alvarado 0-0: Ball
1-0: Called Strike
1-1: Ball
2-1: Ground out 1-3 (Groundball, 13S)
Top of the 1st over - 0 runs, 0 hits, 0 errors, 0 left on base; Panama City 0 - Northern Virginia 0
BOTTOM OF THE 1ST
Northern Virginia Rainbow Mermaids batting - Pitching for Panama City Piranhas : RHP Valentín Montenegro
Pitching: RHP Valentín Montenegro
Batting: LHB Rafael Sánchez 0-0: Ball
1-0: Called Strike
1-1: Ball
2-1: Ground out 6-3 (Groundball, 6)
Batting: RHB Brett Callison 0-0: Ball
1-0: Called Strike
1-1: Ball
2-1: Ball
3-1: Base on Balls
Batting: LHB Roberto Sánchez 0-0: Called Strike
0-1: Ball
1-1: Ball
2-1: Foul Ball, location: 2F
2-2: Ball
3-2: Foul Ball, location: 2F
3-2: DOUBLE (Line Drive, 7D)
Brett Callison to third
Batting: SHB Eustacio Tafalla 0-0: Ball
1-0: Ball
2-0: Foul Ball, location: 2F
2-1: Ball
3-1: Base on Balls
Batting: LHB Ty Tomblin 0-0: Ball
1-0: Swinging Strike
1-1: Called Strike
1-2: Ball
2-2: Strikes out swinging
Batting: RHB Bernardo Herrera 0-0: Called Strike
0-1: Ball
1-1: Ball
2-1: Foul Ball, location: 2F
2-2: Ball
3-2: Ground out 6-3 (Groundball, 6)
Bottom of the 1st over - 0 runs, 1 hit, 0 errors, 3 left on base; Panama City 0 - Northern Virginia 0
TOP OF THE 2ND
Panama City Piranhas batting - Pitching for Northern Virginia Rainbow Mermaids : RHP Mimosa Joseph
Batting: RHB Juan Jose Ayala 0-0: Ball
1-0: Foul Ball, location: 2F
1-1: Ball
2-1: Fly out, F4 (Line Drive, 4)
Batting: LHB Sergio Muńóz 0-0: Ground out 6-3 (Groundball, 6)
Batting: RHB Andy Putman 0-0: Called Strike
0-1: Fly out, F8 (Flyball, 8RM)
Top of the 2nd over - 0 runs, 0 hits, 0 errors, 0 left on base; Panama City 0 - Northern Virginia 0
BOTTOM OF THE 2ND
Northern Virginia Rainbow Mermaids batting - Pitching for Panama City Piranhas : RHP Valentín Montenegro
Batting: RHB Ed Adams 0-0: Foul Ball, location: 2F
0-1: Ball
1-1: Ball
2-1: SINGLE (Line Drive, 6D)
Batting: RHB Alfredo Pizarro 0-0: Called Strike
0-1: Ball
1-1: Ball
2-1: Ball
3-1: Grounds into double play, 5-4-3 (Groundball, 56)
Batting: LHB Miguel Gazivoda 0-0: Ball
1-0: Swinging Strike
1-1: Foul Ball, location: 2F
1-2: Ball
2-2: Foul Ball, location: 2F
2-2: Foul Ball, location: 2F
2-2: SINGLE (Groundball, 34D)
Batting: LHB Rafael Sánchez 0-0: Called Strike
0-1: Ball
1-1: Ball
2-1: Foul Ball, location: 2F
2-2: Ball
3-2: Foul Ball, location: 2F
3-2: Foul Ball, location: 2F
3-2: Foul Ball, location: 2F
3-2: Ground out U3 (Groundball, 3L)
Bottom of the 2nd over - 0 runs, 2 hits, 0 errors, 1 left on base; Panama City 0 - Northern Virginia 0
TOP OF THE 3RD
Panama City Piranhas batting - Pitching for Northern Virginia Rainbow Mermaids : RHP Mimosa Joseph
Batting: LHB Jack Sutherland 0-0: Called Strike
0-1: Swinging Strike
0-2: Fly out, F5 (Line Drive, 56S)
Batting: RHB Rob Gray 0-0: Ball
1-0: SINGLE (Line Drive, 7LS)
Batting: RHB JoJo Victory 0-0: Ball
1-0: Ball
2-0: Called Strike
2-1: Foul Ball, location: 2F
2-2: Foul Ball, location: 2F
2-2: Ball
3-2: Fielders Choice at 2nd, 6-4 (Groundball, 56)
Batting: RHB Cale Sutton 0-0: Ball
1-0: Ball
2-0: Ground out 4-3 (Groundball, 4)
Top of the 3rd over - 0 runs, 1 hit, 0 errors, 1 left on base; Panama City 0 - Northern Virginia 0
BOTTOM OF THE 3RD
Northern Virginia Rainbow Mermaids batting - Pitching for Panama City Piranhas : RHP Valentín Montenegro
Batting: RHB Brett Callison 0-0: Ball
1-0: Ball
2-0: Swinging Strike
2-1: Fly out, F9 (Flyball, 9D)
Batting: LHB Roberto Sánchez 0-0: Fly out, F5 (Popup, 5SF)
Batting: SHB Eustacio Tafalla 0-0: Foul Ball, location: 2F
0-1: Called Strike
0-2: Ball
1-2: Foul Ball, location: 2F
1-2: Strikes out looking
Bottom of the 3rd over - 0 runs, 0 hits, 0 errors, 0 left on base; Panama City 0 - Northern Virginia 0
TOP OF THE 4TH
Panama City Piranhas batting - Pitching for Northern Virginia Rainbow Mermaids : RHP Mimosa Joseph
Batting: RHB Baldomero Avino 0-0: Ball
1-0: Foul Ball, location: 2F
1-1: Called Strike
1-2: Foul Ball, location: 2F
1-2: Ball
2-2: Ball
3-2: Ground out 6-3 (Groundball, 56)
Batting: RHB Armando Alvarado 0-0: Called Strike
0-1: Foul Ball, location: 2F
0-2: Ball
1-2: Strikes out swinging
Batting: RHB Juan Jose Ayala 0-0: Fly out, F3 (Line Drive, 3)
Top of the 4th over - 0 runs, 0 hits, 0 errors, 0 left on base; Panama City 0 - Northern Virginia 0
BOTTOM OF THE 4TH
Northern Virginia Rainbow Mermaids batting - Pitching for Panama City Piranhas : RHP Valentín Montenegro
Batting: LHB Ty Tomblin 0-0: Called Strike
0-1: Called Strike
0-2: Foul Ball, location: 2F
0-2: Ball
1-2: Ball
2-2: Foul Ball, location: 2F
2-2: Hit by Pitch
Pitching: RHP José Luján
Batting: RHB Bernardo Herrera 0-0: Fly out, F8 (Flyball, 78M)
Batting: RHB Ed Adams 0-0: Called Strike
0-1: Foul Ball, location: 2F
0-2: Foul Ball, location: 2F
0-2: Ball
1-2: SINGLE (Groundball, 6MD)
Ty Tomblin to second
Runner from 2nd tries for 3rd, SAFE, no throw
Batting: RHB Alfredo Pizarro 0-0: Ground out U3 (Groundball, 2R)
Ty Tomblin scores
Ed Adams to second
Batting: LHB Miguel Gazivoda 0-0: DOUBLE (Flyball, 78XD)
Ed Adams scores
Batting: LHB Rafael Sánchez 0-0: Called Strike
0-1: Foul Ball, location: 2F
0-2: Ball
1-2: SINGLE (Line Drive, 89M)
Miguel Gazivoda to third
Runner from 3rd tries for Home, SAFE, no throw
Batting: RHB Brett Callison 0-0: Called Strike
0-1: Ball
1-1: Swinging Strike
1-2: Ground out 4-3 (Groundball, 34)
Bottom of the 4th over - 3 runs, 3 hits, 0 errors, 1 left on base; Panama City 0 - Northern Virginia 3
TOP OF THE 5TH
Panama City Piranhas batting - Pitching for Northern Virginia Rainbow Mermaids : RHP Mimosa Joseph
Batting: LHB Sergio Muńóz 0-0: Foul Ball, location: 2F
0-1: Foul Ball, location: 2F
0-2: Foul Ball, location: 2F
0-2: Ball
1-2: Ball
2-2: Ground out 3-1 (Groundball, 34)
Batting: RHB Andy Putman 0-0: Foul Ball, location: 2F
0-1: Foul Ball, location: 2F
0-2: SOLO HOME RUN (Flyball, 7LD), Distance : 363 ft
Batting: LHB Jack Sutherland 0-0: Ball
1-0: Foul Ball, location: 2F
1-1: Ground out 1-3 (Groundball, 13S)
Batting: RHB Rob Gray 0-0: Called Strike
0-1: Ball
1-1: Swinging Strike
1-2: Strikes out swinging
Top of the 5th over - 1 run, 1 hit, 0 errors, 0 left on base; Panama City 1 - Northern Virginia 3
BOTTOM OF THE 5TH
Northern Virginia Rainbow Mermaids batting - Pitching for Panama City Piranhas : RHP José Luján
Batting: LHB Roberto Sánchez 0-0: Ball
1-0: DOUBLE (Flyball, 89D)
Batting: SHB Eustacio Tafalla 0-0: SINGLE (Line Drive, 89S)
Roberto Sánchez to third
Batting: LHB Ty Tomblin 0-0: Swinging Strike
0-1: Ball
1-1: Ball
2-1: Swinging Strike
2-2: Strikes out swinging
Batting: RHB Bernardo Herrera 0-0: 3-RUN HOME RUN (Flyball, 7D), Distance : 392 ft
Batting: RHB Ed Adams 0-0: Called Strike
0-1: Swinging Strike
0-2: Ball
1-2: Fly out, F7 (Line Drive, 78M)
Batting: RHB Alfredo Pizarro 0-0: Ball
1-0: Called Strike
1-1: Fly out, F8 (Flyball, 8LS)
Bottom of the 5th over - 3 runs, 3 hits, 0 errors, 0 left on base; Panama City 1 - Northern Virginia 6
TOP OF THE 6TH
Panama City Piranhas batting - Pitching for Northern Virginia Rainbow Mermaids : RHP Mimosa Joseph
Batting: RHB JoJo Victory 0-0: Called Strike
0-1: Ball
1-1: Ball
2-1: Ball
3-1: Called Strike
3-2: SINGLE (Line Drive, 4D)
Batting: RHB Cale Sutton 0-0: Ball
1-0: Called Strike
1-1: Ball
2-1: Ball
3-1: Foul Ball, location: 2F
3-2: Grounds into double play, 6-4-3 (Groundball, 6)
Batting: RHB Baldomero Avino 0-0: Ball
1-0: Swinging Strike
1-1: Ground out 2-3 (Groundball, 2R)
Top of the 6th over - 0 runs, 1 hit, 0 errors, 0 left on base; Panama City 1 - Northern Virginia 6
BOTTOM OF THE 6TH
Northern Virginia Rainbow Mermaids batting - Pitching for Panama City Piranhas : RHP José Luján
Pitching: RHP Anderson O'Mara
Batting: LHB Miguel Gazivoda 0-0: Ball
1-0: Foul Ball, location: 2F
1-1: Ball
2-1: Fly out, F9 (Flyball, 9LM)
Batting: LHB Rafael Sánchez 0-0: Called Strike
0-1: Ball
1-1: Ball
2-1: Ball
3-1: Foul Ball, location: 2F
3-2: Fly out, F7 (Flyball, 7)
Batting: RHB Brett Callison 0-0: Foul Ball, location: 2F
0-1: DOUBLE (Groundball, 5L)
Batting: LHB Roberto Sánchez 0-0: Called Strike
0-1: Ball
1-1: Fly out, F6 (Popup, 6M)
Bottom of the 6th over - 0 runs, 1 hit, 0 errors, 1 left on base; Panama City 1 - Northern Virginia 6
TOP OF THE 7TH
Panama City Piranhas batting - Pitching for Northern Virginia Rainbow Mermaids : RHP Mimosa Joseph
Now at 3B: Kade Knowles
Batting: RHB Armando Alvarado 0-0: Ground out 6-3 (Groundball, 6)
Batting: RHB Juan Jose Ayala 0-0: Foul Ball, location: 2F
0-1: Swinging Strike
0-2: Foul Ball, location: 2F
0-2: Ball
1-2: SINGLE (Groundball, 4S) (infield hit)
Batting: LHB Sergio Muńóz 0-0: Ball
Juan Jose Ayala steals 2nd base
1-0: Called Strike
1-1: Ball
2-1: Foul Ball, location: 2F
2-2: Ball
3-2: SINGLE (Groundball, 34D)
Juan Jose Ayala to third
Runner from 3rd tries for Home, SAFE, no throw
Batting: RHB Andy Putman 0-0: Ball
1-0: Swinging Strike
1-1: Called Strike
1-2: Strikes out swinging
Batting: LHB Jack Sutherland 0-0: Called Strike
0-1: Ball
1-1: Ball
2-1: Ball
3-1: Called Strike
3-2: SINGLE (Groundball, 4MD)
Sergio Muńóz to second
Sergio Muńóz to third
Pitching: RHP David Hudson
Batting: RHB Rob Gray 0-0: Ball
1-0: Ball
2-0: Ball
3-0: Called Strike
3-1: 3-RUN HOME RUN (Flyball, 8LXD), Distance : 445 ft
Batting: RHB JoJo Victory 0-0: Called Strike
0-1: Ball
1-1: Ball
2-1: Swinging Strike
2-2: Ball
3-2: Strikes out swinging
Top of the 7th over - 4 runs, 4 hits, 0 errors, 0 left on base; Panama City 5 - Northern Virginia 6
BOTTOM OF THE 7TH
Northern Virginia Rainbow Mermaids batting - Pitching for Panama City Piranhas : RHP Anderson O'Mara
Batting: SHB Eustacio Tafalla 0-0: Ball
1-0: Ball
2-0: Fly out, F7 (Flyball, 7LS)
Batting: LHB Ty Tomblin 0-0: Called Strike
0-1: SINGLE (Line Drive, 4MD)
Batting: RHB Bernardo Herrera 0-0: Ball
1-0: Foul Ball, location: 2F
1-1: Ball
2-1: Foul Ball, location: 2F
2-2: Ball
3-2: Foul Ball, location: 2F
3-2: Ground out 5-3 (Groundball, 56S)
Ty Tomblin to second
Batting: RHB Ed Adams 0-0: Swinging Strike
0-1: Ground out 5-3 (Groundball, 56S)
Bottom of the 7th over - 0 runs, 1 hit, 0 errors, 1 left on base; Panama City 5 - Northern Virginia 6
TOP OF THE 8TH
Panama City Piranhas batting - Pitching for Northern Virginia Rainbow Mermaids : RHP David Hudson
Now at SS: Lionel McCloud
Batting: RHB Cale Sutton 0-0: Ball
1-0: Ball
2-0: Swinging Strike
2-1: SINGLE (Flyball, 89S)
Batting: RHB Baldomero Avino 0-0: Called Strike
0-1: Ball
1-1: Foul Ball, location: 2F
1-2: Ball
2-2: Strikes out looking
Batting: RHB Armando Alvarado 0-0: Called Strike
0-1: Foul Ball, location: 2F
0-2: Foul Ball, location: 2F
0-2: Ball
1-2: Ball
2-2: Foul Ball, location: 2F
2-2: Ball
3-2: Strikes out swinging
Batting: RHB Juan Jose Ayala 0-0: Called Strike
0-1: Swinging Strike
0-2: Ball
1-2: Reached on error, E5 (Groundball, 5)
Cale Sutton to second
Batting: LHB Sergio Muńóz 0-0: Ball
1-0: Ball
2-0: Called Strike
2-1: Fly out, F9 (Line Drive, 9D)
Top of the 8th over - 0 runs, 1 hit, 1 error, 2 left on base; Panama City 5 - Northern Virginia 6
BOTTOM OF THE 8TH
Northern Virginia Rainbow Mermaids batting - Pitching for Panama City Piranhas : RHP Anderson O'Mara
Batting: RHB Alfredo Pizarro 0-0: Swinging Strike
0-1: Ground out 3-1 (Groundball, 34)
Batting: LHB Miguel Gazivoda 0-0: Ball
1-0: Ball
2-0: Fly out, F9 (Flyball, 89S)
Now in RF: Robert Adams
Batting: LHB Rafael Sánchez 0-0: Ground out 1-3 (Groundball, 13S)
Bottom of the 8th over - 0 runs, 0 hits, 0 errors, 0 left on base; Panama City 5 - Northern Virginia 6
TOP OF THE 9TH
Panama City Piranhas batting - Pitching for Northern Virginia Rainbow Mermaids : RHP David Hudson
Batting: RHB Andy Putman 0-0: Called Strike
0-1: Ball
1-1: SINGLE (Groundball, 4M)
Batting: LHB Jack Sutherland 0-0: Ball
1-0: Foul Ball, location: 2F
1-1: Swinging Strike
1-2: Foul Ball, location: 2F
1-2: Strikes out swinging
Pitching: RHP Guldemunde Geilinger
Pinch Hitting: SHB Tsing Guao 0-0: Ball
1-0: Ball
2-0: Foul Ball, location: 2F
2-1: Foul Ball, location: 2F
2-2: Strikes out swinging
Batting: LHB Robert Adams 0-0: Foul Ball, location: 2F
0-1: Ball
1-1: Called Strike
1-2: Strikes out swinging
Top of the 9th over - 0 runs, 1 hit, 0 errors, 1 left on base; Panama City 5 - Northern Virginia 6
Tuesday, December 19th, 2017 - OOTP Baseball 18.8 Build 76